 Dungeon Crawl Stone Soup version 0.16-a0-787-g31dbbe7 (console) character file.

16 Kellhus the Magician (level 2, 0/15 HPs)
             Began as a Gargoyle Wizard on Sept 27, 2014.
             Slain by an adder (3 damage)
             ... on Level 1 of the Dungeon.
             The game lasted 00:01:05 (938 turns).

Kellhus the Magician (Gargoyle Wizard)               Turns: 938, Time: 00:01:05

HP   0/15        AC  4     Str 10      XL: 2   Next: 54%
MP   0/6         EV 17     Int 18      God:
Gold 27          SH  0     Dex 13      Spells:  1 memorised,  6 levels left

rFire  . . .     SeeInvis .     (no weapon)
rCold  . . .     Clarity  .     a - +0 robe
rNeg   + . .     rCorr    .     (no shield)
rPois  +         rRot     +     b - +0 hat
rElec  +         Spirit   .     (no cloak)
SustAb .         Warding  .     (no gloves)
rMut   .         Stasis   .     (no boots)
Gourm  .                        (no amulet)
MR     .....                    (no ring)
                                (no ring)

@: agile, not resistant to hostile enchantments, fairly stealthy
A: negative energy resistance 1, electricity resistance, unbreathing,
petrification resistance, rot immunity, AC +2
a: no special abilities


You were on level 1 of the Dungeon.
You were not hungry.

You visited 1 branch of the dungeon, and saw 2 of its levels.

You collected 27 gold pieces.

Inventory:

Armour
 a - a +0 robe (worn)
 b - a +0 hat (worn)
Comestibles
 d - a bread ration
 k - a rotting chunk of jackal flesh
Scrolls
 g - 3 scrolls of teleportation {unknown}
 i - 2 scrolls of remove curse {unknown}
Books
 c - a book of Minor Magic

   Spells                             Type                      Level
   *Magic Dart                        Conjuration                  1
   Blink                              Translocation                2
   Call Imp                           Summoning                    2
   Repel Missiles                     Charms/Air                   2
   Slow                               Hexes                        2
   Conjure Flame                      Conjuration/Fire             3
   Mephitic Cloud                     Conjuration/Poison/Air       3


   Skills:
 - Level 1.5 Dodging
 - Level 2.1 Stealth
 - Level 3.0 Spellcasting
 + Level 2.7 Conjurations
   Level 0.8 Summonings
   Level 0.8 Translocations


You had 6 spell levels left.
You knew the following spells:

 Your Spells              Type           Power        Failure   Level  Hunger
a - Magic Dart            Conj           ##..         6%          1    None


Dungeon Overview and Level Annotations

Branches:
Dungeon (2/15)

Altars:


Innate Abilities, Weirdness & Mutations

You are resistant to torment.
You are immune to poison.
Your stone body is very resilient (AC +2).
You resist negative energy.
You are resistant to electric shocks.
You can survive without breathing.
You are immune to petrification.
You are immune to rotting.


Message History

Okay, then.
Casting: Magic Dart
Confirm with . or Enter, or press ? or * to list all spells.
Aiming: Magic Dart
Press: ? - help, Shift-Dir - straight line, f - adder
Aim: an adder (heavily wounded)
The magic dart hits the adder.
The adder is severely wounded.
The adder barely misses you. The adder bites you but does no damage.
Drink which item? (? for menu, Esc to quit)
You feel refreshed.
It was a potion of restore abilities.
The adder bites you but does no damage.
Drink which item? (? for menu, Esc to quit)
Your magical contamination has completely faded away.
You feel magically purged.
It was a potion of cancellation.
The adder bites you but does no damage.
Drink which item? (? for menu, Esc to quit)
You feel agile all of a sudden.
It was a potion of agility.
The adder closely misses you. The adder bites you.
You die...

.......................###...#
##########...#########.#.#.###
..............# #.......#.#
...########...# #.#...#)#.#
.....#........####.#.#####.#
####.#.####........#.#.....#
####.#.##.#....##..#.#.#####
..)..#.##.#....##..#.#.#
######.##.#...>S@).#.#.#
.......##.#..#.###.#.#.#
#########.#..#(#...#.#.# ..##
#.#..#.#.#.#.#.# ...#
#.#..#.#.#.#.#.#
#..######.#..#.#.###.#.#
#.........#....#.......#
##.########.########.### ...#
#..........#


You could see an adder.

Vanquished Creatures
  A bat zombie (D:1)
  A hobgoblin (D:1)
  4 jackals (D:1)
  2 kobolds (D:1)
  A ball python (D:1)
  2 bats (D:1)
  A giant cockroach zombie (D:1)
  A giant newt (D:1)
  2 goblins (D:1)
  2 rats (D:1)
17 creatures vanquished.

Notes
Turn   | Place    | Note
--------------------------------------------------------------
     0 | D:1      | Kellhus, the Gargoyle Wizard, began the quest for the Orb.
     0 | D:1      | Reached XP level 1. HP: 10/10 MP: 4/4
   356 | D:1      | Reached XP level 2. HP: 15/15 MP: 4/6
   938 | D:1      | Slain by an adder

Action                   || total
-------------------------++-------
 Cast: Magic Dart        ||    43
  Use: Potion            ||     3
